 Dungeon Crawl Stone Soup version 0.28-b1-1-g3c77fb2 (webtiles) character file.

Game seed: 9138150741916271941

630 BALLS the Slasher (level 7, 0/37 HPs)
             Began as a Vine Stalker Fighter on Jan 26, 2022.
             Was an Initiate of Okawaru.
             Killed from afar by a white imp (9 damage)
             ... with a puff of frost
             ... summoned by Eustachio
             ... on level 5 of the Dungeon on Jan 27, 2022.
             The game lasted 00:06:27 (3663 turns).

BALLS the Slasher (Vine Stalker Fighter)            Turns: 3663, Time: 00:06:28

Health: 0/37       AC:  6    Str: 21    XL:     7   Next: 48%
Magic:  0/8        EV:  9    Int:  8    God:    Okawaru [......]
Gold:   264        SH:  5    Dex: 19    Spells: 6/6 levels left

rFire   . . .      SeeInvis .   a - +0 long sword
rCold   . . .      Faith    .   c - +0 buckler
rNeg    . . .      Spirit   +   b - +0 scale mail
rPois   .          Reflect  .   (no helmet)
rElec   .          Harm     .   f - scarf {repulsion}
rCorr   +          Rampage  .   (no gloves)
Will    .....                   (no boots)
Stlth   ..........              (no amulet)
HPRegen 0.92/turn               g - +6 ring of dexterity
MPRegen 0.11/turn               v - ring of resist corrosion

@: mighty, repel missiles
A: fangs 2, regeneration 1, magic shield, antimagic bite, no potion heal 2
a: Renounce Religion


You were on level 5 of the Dungeon.
You worshipped Okawaru.
Okawaru was noncommittal.
You visited 2 branches of the dungeon, and saw 6 of its levels.

You collected 264 gold pieces.

Inventory:

Hand Weapons
 a - a +0 long sword (weapon)
 p - a +0 short sword of flaming
Missiles
 o - 2 throwing nets (quivered)
Armour
 b - a +0 scale mail (worn)
 c - a +0 buckler (worn)
 f - a scarf of repulsion (worn)
Jewellery
 g - a +6 ring of dexterity (left hand)
 k - a ring of ice
 v - a ring of resist corrosion (right hand)
Wands
 u - a wand of flame (16)
Scrolls
 h - 3 scrolls of fog
 i - a scroll of vulnerability {unknown}
 j - a scroll of enchant armour {unknown}
 l - 2 scrolls of magic mapping {unknown}
 s - a scroll of enchant weapon {unknown}
 t - a scroll of silence {unknown}
Potions
 e - a potion of attraction
 m - a potion of brilliance {unknown}
 n - 2 potions of flight {unknown}
 q - 3 potions of mutation
 r - 2 potions of lignification {unknown}
 w - a potion of curing {unknown}


   Skills:
 + Level 3.6 Fighting
 - Level 7.0 Long Blades
 - Level 2.4 Armour
 - Level 2.6 Shields


You had 6 spell levels left.
You didn't know any spells.
Your spell library contained the following spells:

 Spells                   Type           Power      Damage    Failure   Level
 Dazzling Flash           Conj/Hex       0%         N/A       99%         3
 Stone Arrow              Conj/Erth      0%         3d7       99%         3
 Anguish                  Hex/Necr       0%         N/A       100%        4
 Agony                    Necr           0%         N/A       100%        5
 Freezing Cloud           Conj/Ice/Air   0%         6-21      100%        5
 Metabolic Englaciation   Hex/Ice        0%         N/A       100%        5
 Silence                  Hex/Air        0%         N/A       100%        5
 Iron Shot                Conj/Erth      0%         9d1       100%        6
 Enfeeble                 Hex            0%         N/A       100%        7
 Tukima's Dance           Hex            Unusable   N/A       N/A         3

Dungeon Overview and Level Annotations

Branches:
Dungeon (5/15)             Temple (1/1) D:4

Altars:
Cheibriados
Nemelex Xobeh
Okawaru
Qazlal
Ru
Sif Muna
Trog
Uskayaw
Vehumet
Wu Jian
Yredelemnul
Zin
The Shining One

Shops:
D:1 :

Annotations:
D:5 Eustachio


Innate Abilities, Weirdness & Mutations

You have extremely sharp teeth.
Your natural rate of healing is unusually fast.
When hurt, damage is shared between your health and your magic reserves.
Your bite disrupts and absorbs the magic of your enemies.
Potions cannot restore your health.


Message History

You completely miss Eustachio. Your bite misses Eustachio.
Eustachio is moderately wounded.
Eustachio mumbles some strange words.
The shadow imp hits you. The white imp barely misses you.
You block the white imp's attack.
You closely miss Eustachio. You bite Eustachio.
Eustachio's magic leaks into the air.
You drain his magic.
You feel invigorated.
Eustachio is heavily wounded.
Eustachio casts a spell.
The white imp hits you. The white imp freezes you.
You block the shadow imp's attack. You block the white imp's attack.
You closely miss Eustachio.
Eustachio is heavily wounded.
Eustachio's magic is no longer disrupted.
The rat disappears in a puff of smoke!
Eustachio hits you but does no damage. The white imp barely misses you.
The shadow imp gestures at you. You resist with significant effort.
You block the white imp's attack. The rat bites you but does no damage.
You barely miss Eustachio.
Eustachio is heavily wounded.
Eustachio hits you but does no damage. The white imp hits you.
The white imp freezes you. The shadow imp hits you.
The white imp shouts, "Return whence thou came, thou unmuzzled fool-born dandiprat!"
The white imp hits you but does no damage.
The rat bites you but does no damage. You block Eustachio's attack.
You closely miss Eustachio.
Eustachio is heavily wounded.
You block the white imp's attack. The shadow imp hits you.
The white imp hits you. The white imp freezes you.
* * * LOW HITPOINT WARNING * * *
The rat bites you but does no damage. Eustachio closely misses you.
You barely miss Eustachio.
Eustachio is heavily wounded.
The white imp hits you but does no damage.
The shadow imp barely misses you. The white imp gestures at you.
The puff of frost hits you!
You die...

.......#...'......#
...(...'...#......#
#..##.##.######..## #
#†##[######..#
#<.......#...#
#........#...#
#....##..#...#
###+####..'.r5#
#.........#.5@#
#.....##..##5@# .#
##(...######bb##..##.
#.....'..'..r....@..
#######..#..........
#..##+###.###. ####
+#


You could see Eustachio, 2 white imps, a shadow imp (summoned), 2 bats and 2
rats.

Vanquished Creatures
  An ogre (D:3)
  A centaur (D:3)
  3 hounds
  Natasha (thrice) (D:4)
  2 orc wizards (D:3)
  A killer bee zombie (D:5)
  4 gnolls (D:3)
  7 adders
  A white imp (D:4)
  An adder skeleton (D:4)
  A worm (D:3)
  3 dart slugs
  13 orcs (D:3)
  2 bats
  6 endoplasms
  5 giant cockroaches
  6 goblins
  6 hobgoblins
  7 jackals
  A quokka (D:3)
  13 ball pythons
  5 frilled lizards
  10 kobolds
  7 rats
109 creatures vanquished.

Vanquished Creatures (others)
  4 plants (D:3)
4 creatures vanquished.

Grand Total: 113 creatures vanquished

Notes
Turn   | Place    | Note
-------+----------+-------------------------------------------
     0 | D:1      | BALLS the Vine Stalker Fighter began the quest for the Orb.
     0 | D:1      | Reached XP level 1. HP: 11/11 MP: 2/2
    90 | D:1      | Reached skill level 2 in Long Blades
   238 | D:1      | Reached XP level 2. HP: 16/16 MP: 3/3
   320 | D:1      | Found Xeociong's Book Boutique.
   729 | D:2      | Reached skill level 3 in Long Blades
   733 | D:2      | Reached XP level 3. HP: 17/19 MP: 2/4
  1284 | D:2      | Found a faded altar of an unknown god.
  1300 | D:2      | Gained mutation: Your natural rate of healing is unusually
                  | fast. [Vine Stalker growth]
  1300 | D:2      | Reached XP level 4. HP: 17/23 MP: 5/5
  1578 | D:2      | Reached skill level 4 in Long Blades
  1781 | D:3      | Reached XP level 5. HP: 23/27 MP: 4/6
  2058 | D:3      | Reached skill level 5 in Long Blades
  2186 | D:3      | Noticed an ogre
  2305 | D:3      | Killed an ogre
  2306 | D:3      | Reached XP level 6. HP: 12/32 MP: 2/7
  2414 | D:3      | Reached skill level 6 in Long Blades
  2714 | D:4      | Noticed Natasha
  2716 | D:4      | Killed Natasha
  2963 | D:4      | Reached XP level 7. HP: 31/35 MP: 4/8
  2996 | D:4      | Found a staircase to the Ecumenical Temple.
  3023 | Temple   | Entered the Ecumenical Temple
  3104 | D:4      | Noticed Natasha
  3113 | D:4      | Killed Natasha
  3180 | D:4      | Reached skill level 7 in Long Blades
  3299 | D:4      | Got the Compendium of Icy Stones
  3447 | D:4      | Found an iron altar of Okawaru.
  3455 | D:4      | Became a worshipper of Warmaster Okawaru
  3519 | D:4      | Noticed Natasha
  3525 | D:4      | Killed Natasha
  3590 | D:5      | Entered Level 5 of the Dungeon
  3648 | D:5      | Noticed Eustachio
  3663 | D:5      | Killed from afar by a white imp

Illustrated notes

Levels and vault maps discovered:
D:1:      eino_arrival_druids_welcome, layout_basic, serial_shops,
          nicolae_shop_trees, kennysheep_doodads
D:2:      minmay_evil_eye, layout_loops_ring, nicolae_ecumenical_snake_handling,
          chequers_mini_garden, glass_columns_a
D:3:      cheibrodos_old_hovel, layout_basic, kennysheep_generic_room_11
D:4:      layout_cave_pods, lemuel_coloured_pillars_altar,
          minmay_temple_entry_waves, uniq_natasha
D:5:      layout_gridville, grunt_dithmenos_shadows, uniq_eustachio,
          uniq_blork_the_orc
Temple:   minmay_temple_bridge_abc

Skill      XL: |  1  2  3  4  5  6  7 |
---------------+----------------------+-----
Long Blades    | 2 3 4 5 6 7 |  7.0
Fighting       | 3 |  3.6
Armour         | |  2.4
Shields        | |  2.6

Action                   |  1- 3 |  4- 6 |  7- 9 || total
-------------------------+-------+-------+-------++-------
Melee: Long sword        |    68 |   171 |    73 ||   312
       Bite              |    14 |    35 |    15 ||    64
  Use: Scroll            |       |     3 |       ||     3
       Potion            |       |     1 |     1 ||     2
Armor: Scale mail        |    21 |    55 |    29 ||   105
Dodge: Dodged            |    27 |    68 |    30 ||   125
       Repelled          |     2 |     1 |     3 ||     6
Block: Buckler           |    12 |    30 |    19 ||    61
